 Dungeon Sprint DCSS version 0.31-a0-37-g98a128e1d9 (webtiles) character file.

Game seed: 11259076225904181135

5 Elsrick the Trooper (level 1, -7/18 HPs)
             Began as a Mummy Cinder Acolyte on May 16, 2023.
             Was a High Priest of Ignis.
             Mangled by a thrashing horror (10 damage)
             ... in the Dungeon (Sprint V: "Ziggurat Sprint").
             The game lasted 00:03:42 (119 turns).

Elsrick the Trooper (Mummy Cinder Acolyte)           Turns: 119, Time: 00:03:43

Health: -7/18      AC: 26    Str: 29    XL:     1   Next: 66%
Magic:  2/2        EV:  2    Int: 13    God:    Ignis [*****.]
Gold:   0          SH: 11    Dex:  7    Spells: 2/2 levels left

rFire   . . .        a - +5 demon blade
rCold   + . .        n - +3 tower shield
rNeg    + + +        o - +5 crystal plate armour
rPois   ∞            (no helmet)
rElec   .            (no cloak)
rCorr   .            (no gloves)
SInv    .            (no boots)
Will    .....        (no amulet) Stlth
                     j - +6 ring of strength
HPRegen 0.23/turn    k - +6 ring of strength
MPRegen 0.08/turn

%: no teleportation, faith
@: fiery-armoured
A: cold resistance 1, negative energy resistance 3, torment resistance 2, heat
vulnerability 1, no potions, faith
a: Renounce Religion, Fiery Armour, Foxfire Swarm, Rising Flame


You were in the Dungeon.
You worshipped Ignis.
Ignis was extremely pleased with you.
You visited 1 branch

Inventory:

Hand Weapons
 a - a +5 demon blade (weapon)
Armour
 b - a +0 robe
 n - a +3 tower shield (worn)
 o - a +5 crystal plate armour (worn)
 p - +5 gold dragon scales
 q - +5 shadow dragon scales
Jewellery
 e - a ring of flight
 f - a +6 ring of dexterity
 g - a +6 ring of dexterity
 h - a +6 ring of intelligence
 i - a +6 ring of intelligence
 j - a +6 ring of strength (left hand)
 k - a +6 ring of strength (right hand)
Wands
 d - a wand of flame (15)
 l - a wand of mindburst (7)
 m - a wand of quicksilver (7)
Scrolls
 c - a scroll of blinking


   Skills:
 + Level 3.5 Fighting
 + Level 2.9 Short Blades
 + Level 0.1(1.7) Long Blades
 + Level 0.1 Armour
 + Level 1.3 Spellcasting
 + Level 2.9 Fire Magic


You had 2 spell levels left.
You didn't know any spells.
Your spell library contained the following spells:

 Spells                   Type           Power      Damage    Failure   Level
 Scorch                   Fire           16%        2d6       100%        2


Dungeon Overview and Level Annotations

Branches:
Dungeon (1/1)

Altars:
Ashenzari
Cheibriados
Dithmenos
Fedhas
Gozag
Hepliaklqana
Kikubaaqudgha
Makhleb
Nemelex Xobeh
Okawaru
Qazlal
Ru
Sif Muna
Trog
Uskayaw
Vehumet
Wu Jian
Xom
Yredelemnul
Jiyva
Lugonu

Annotations:
D 1 transporter


Innate Abilities, Weirdness & Mutations

You are immune to poison.
Your flesh is cold resistant. (rC+)
You are immune to negative energy. (rN+++)
You are immune to unholy pain and torment.
You are vulnerable to heat. (rF-)
You do not drink.
You have a special connection with the divine. (Faith)


Message History

The thrashing horror completely resists.
The thrashing horror tramples you but does no damage. x2
The thrashing horror resists.
The thrashing horror is burned by your cloak of flames.
The thrashing horror is heavily damaged.
You block the thrashing horror's attack.
You can't drink.
Your cloak of flame flares fiercely!
You block the thrashing horror's attack.
The thrashing horror tramples you but does no damage.
You slash the thrashing horror!
The thrashing horror is severely damaged.
The thrashing horror tramples you but does no damage.
The thrashing horror resists.
The thrashing horror is burned by your cloak of flames.
The thrashing horror is severely damaged.
The thrashing horror tramples you but does no damage.
The thrashing horror resists.
The thrashing horror is burned by your cloak of flames.
The thrashing horror is severely damaged.
The thrashing horror churns violently!
The thrashing horror seems to grow stronger.
You hit the thrashing horror.
The thrashing horror is almost destroyed.
You block the thrashing horror's attack.
The thrashing horror tramples you but does no damage.
The thrashing horror resists.
The thrashing horror is burned by your cloak of flames.
The thrashing horror is almost destroyed.
The thrashing horror tramples you but does no damage.
You block the thrashing horror's attack.
You closely miss the thrashing horror.
The thrashing horror is almost destroyed.
The thrashing horror tramples you but does no damage.
The thrashing horror resists.
The thrashing horror is burned by your cloak of flames.
The thrashing horror is almost destroyed.
The thrashing horror tramples you!
Ouch! That really hurt!
You die...

▓▓▓▓▓▓▓
▓.8©8.▓
▓.....▓
▓.=.).▓
▓.....▓
▓.X@..▓
▓..©..▓
▓▓▓▓▓▓▓


You could see a thrashing horror (strong).

Vanquished Creatures
  An ufetubus (D)
1 creature vanquished.

Notes
Turn   | Place    | Note
-------+----------+-------------------------------------------
     0 | D        | Elsrick the Mummy Cinder Acolyte began the quest for the
                  | Orb.
     0 | D        | Reached XP level 1. HP: 18/18 MP: 2/2
     0 | D        | Found a blossoming altar of Fedhas.
     0 | D        | Found the +6 Majin-Bo {spellvamp, MP+6 Int+6}
     0 | D        | Found the +27 heavy crossbow "Sniper" {heavy, Acc+∞ SInv}
     0 | D        | Found the +10 dark maul {heavy}
     0 | D        | Found the +15 Maxwell's patent armour {-Cast -Tele rElec
                  | Will+ rCorr}
     0 | D        | Found the +18 shield of the Gong {Loud rN+ Will+ rCorr
                  | EV-5}
     0 | D        | Found the +16 obsidian axe {drain, demonic, Mesm Drain Fly
                  | SInv}
     0 | D        | Found the +7 great mace "Firestarter" {flame, immolate,
                  | rFlCloud rF++}
     0 | D        | Found the +6 shillelagh "Devastator" {shatter}
     0 | D        | Found the +11 plutonium sword {Contam Stlth-}
     0 | D        | Found the +8 lance "Wyrmbane" {slay drac, rPois rF+ rC+
                  | AC+3}
     0 | D        | Found the +9 sword of Zonguldrok {reap}
     0 | D        | Found the +13 scythe of Curses {drain, curses, Drain}
     0 | D        | Found the +9 sword of Power {lifebolt}
     0 | D        | Found the +7 mace of Variability {chaos, chaos arc}
     0 | D        | Found the +11 Singing Sword {sonic wave}
     0 | D        | Found the +8 storm bow {elec, penet}
     4 | D        | Found a hazy altar of Hepliaklqana.
     4 | D        | Found a viscous altar of Jiyva.
     4 | D        | Found an opulent altar of Gozag.
     4 | D        | Found a transporter.
     4 | D        | Found an ancient bone altar of Kikubaaqudgha.
     5 | D        | Found a corrupted altar of Lugonu.
    14 | D        | Found a burning altar of Makhleb.
    15 | D        | Found a stormy altar of Qazlal.
    15 | D        | Found a sacrificial altar of Ru.
    15 | D        | Found an iron altar of Okawaru.
    15 | D        | Found a shimmering blue altar of Sif Muna.
    15 | D        | Found a sparkling altar of Nemelex Xobeh.
    15 | D        | Found a bloodstained altar of Trog.
   107 | D        | Entered arena 2.
   107 | D        | Noticed a thrashing horror
   107 | D        | Found a transporter.
   119 | D        | Mangled by a thrashing horror

Illustrated notes

Levels and vault maps discovered:
D:        sprint_v [room_start, room_1, room_2, room_3, room_4, room_5, room_6,
          room_7, room_8, room_9, room_10, room_11, room_12, room_13, room_14,
          room_15, room_16, room_17, room_18, room_19, room_20, room_21,
          room_22, room_23, room_24, room_25, room_26, room_27]

Action                     || total
---------------------------++-------
  Melee: Demon blade       ||     7
 Invoke: Fiery Armour      ||     2
 Armour: Crystal plate arm ||    23
  Dodge: Dodged            ||     2
  Block: Tower shield      ||    11

Table legend: (Time is in decaauts)
 A = Elapsed time spent in this place.
 B = Non-inter-level travel time spent in this place.
 C = Inter-level travel time spent in this place.
 D = Time resting spent in this place.
 E = Time spent auto-exploring this place.
 F = Levels seen in this place.
 G = Mean time per level.
                   A        B        C        D        E       F      G
               +--------+--------+--------+--------+--------+-----+--------+
         Total |    120 |    120 |      0 |      0 |      0 |   1 |  120.0 |
       Dungeon |    120 |    120 |      0 |      0 |      0 |   1 |  120.0 |
               +--------+--------+--------+--------+--------+-----+--------+

Top non-repeatable levels by time:
       D: 120 daAuts
